 Dungeon Sprint DCSS version 0.20-a0 (webtiles) character file.

3626 packetloss the Imperceptible (level 9, -6/39 HPs)
             Began as a Spriggan Enchanter on Oct 27, 2016.
             Was a Believer of Nemelex Xobeh.
             Mangled by a hornet (18 damage)
             ... while paralysed by a hornet
             ... in the Dungeon (Sprint I: "Red Sonja").
             The game lasted 00:05:58 (949 turns).

packetloss the Imperceptible (Spriggan Enchanter)    Turns: 949, Time: 00:05:59

Health: -6/39      AC:  1    Str:  4    XL:     9   Next: 87%
Magic:  14/14      EV:  4    Int: 19    God:    Nemelex Xobeh [**....]
Gold:   747        SH:  0    Dex: 17    Spells: 5 memorised, 1 level left

rFire  . . .     SeeInvis +     a - +1 dagger
rCold  . . .     Gourm    .     b - +1 robe
rNeg   . . .     Faith    .     (shield restricted)
rPois  .         Spirit   .     (helmet restricted)
rElec  .         Reflect  .     q - +0 cloak
rCorr  .         Harm     .     (gloves unavailable)
MR     +....     NoTele   +     (boots unavailable)
Stlth  +++++++++.               (no amulet)
                                (no ring)
                                n - -3 ring of protection (curse)

@: paralysed, lethally poisoned (-6 -> -11), slowed, very quick
A: unfitting armour, see invisible, herbivore 3, speed 3, slow metabolism 2
a: Renounce Religion


You were in the Dungeon.
You worshipped Nemelex Xobeh.
Nemelex Xobeh was pleased with you.
You were not hungry.

You visited 1 branch You collected 810 gold pieces.
You spent 63 gold pieces at shops.

Inventory:

Hand Weapons
 a - a +1 dagger (weapon)
Missiles
 k - 8 curare-tipped needles
Armour
 b - a +1 robe (worn)
 o - a cursed +0 buckler
   (You found it in the Dungeon)
 q - a +0 cloak (worn)
   (You bought it in a shop in the Dungeon)
Jewellery
 n - a cursed -3 ring of protection (left hand)
   (You found it in the Dungeon)
Wands
 e - a wand of polymorph (12/24)
   (You found it in the Dungeon)
Scrolls
 j - a scroll of blinking {!r}
 r - a scroll of identify {unknown}
Potions
 f - a potion of heal wounds
 g - 3 potions of haste
 h - a potion of magic
 m - 2 potions of curing
 p - a potion of beneficial mutation {unknown}
Books
 c - a book of Maledictions
Miscellaneous
 i - a plain deck of destruction
   (Nemelex Xobeh gifted it to you in the Dungeon)
 l - an ornate deck of summoning
   (Nemelex Xobeh gifted it to you in the Dungeon)
Comestibles
 d - a bread ration {@e1}


   Skills:
 - Level 1.1 Short Blades
 + Level 10.4 Dodging
 * Level 25.1 Stealth
 - Level 2.6 Spellcasting
 - Level 13.6 Hexes


You had one spell level left.
You knew the following spells:

 Your Spells              Type           Power        Failure   Level  Hunger
a - Ensorcelled Hibernat  Hex/Ice        ####..       1%          2    ##.....
b - Tukima's Dance        Hex            ######..     1%          3    ###....
c - Confuse               Hex            ######..     1%          3    ###....
d - Dazzling Spray        Conj/Hex       ####..       3%          3    ###....
v - Corona                Hex            ######.      1%          1    None


Dungeon Overview and Level Annotations

Branches:
Dungeon (1/1)

Altars:
Cheibriados
Dithmenos
Elyvilon
Fedhas
Gozag
Hepliaklqana
Kikubaaqudgha
Makhleb
Nemelex Xobeh
Okawaru
Qazlal
Ru
Sif Muna
Trog
Uskayaw
Vehumet
Xom
Yredelemnul
Zin
The Shining One
Jiyva
Lugonu

Shops:
D *%[


Innate Abilities, Weirdness & Mutations

You are very small and have problems with some larger weapons.
You are too small for most types of armour.
You have supernaturally acute eyesight. (SInv)
You are a herbivore.
You cover ground extremely quickly.
You need consume almost no food.


Message History

Spoiler Alert: The deep troll (sleeping) can hit for high damage in melee, and regenerates quickly!
Spoiler Alert: The deep troll (sleeping) can hit for high damage in melee, and regenerates quickly!
There is an open door here.
Spoiler Alert: The deep troll (sleeping) can hit for high damage in melee, and regenerates quickly!
You see here 27 gold pieces.
Spoiler Alert: The deep troll (sleeping) can hit for high damage in melee, and regenerates quickly!
You see here 27 gold pieces.
Spoiler Alert: The deep troll (sleeping) can hit for high damage in melee, and regenerates quickly!
The helpless deep troll fails to defend itself.
You skewer the deep troll like a kebab!!!!
You kill the deep troll!
Your Dodging skill gained 3 levels and is now at level 6!
Your Stealth skill increases to level 23!
You have reached level 9!
Your experience leads to an increase in your attributes!
Increase (S)trength, (I)ntelligence, or (D)exterity?
You feel clever.
Health restored: 39; MP restored: 14 You now have 729 gold pieces (gained 27).
You now have 756 gold pieces (gained 27).
You now have 783 gold pieces (gained 27).
You now have 810 gold pieces (gained 27).
You open the door.
Found a ruby potion and a long silver wand.
Found Ihulyo's Armour Emporium.
There is an open door here.
e - a wand of polymorph
p - a ruby potion
There is an entrance to Ihulyo's Armour Emporium here.
q - a +0 cloak Thank you for shopping at Ihulyo's Armour Emporium!
You start putting on your armour.
You continue putting on your +0 cloak. x4
You finish putting on your +0 cloak.
There is an open door here.
There is an open door here.
You open the door.
There is an open door here.
Found Duddet's General Store.
There is an entrance to Duddet's General Store here.
Unknown command.
Unknown command.
There is an open door here.
Things that are here:
an uncursed short sword of distortion {!w} an uncursed blowgun
There is an open door here.
Okay, then.
Okay, then.
You open the door.
There is an open door here.
r - a scroll labeled KAES VITOHOZOTS You see here a beef jerky.
You open the door.
A centaur warrior comes into view.
Unknown command.
There is an open door here.
Unknown command.
You enter the shallow water.
Moving in this stuff is going to be slow.
A centaur warrior comes into view.
Danger x4: centaur warrior (sleeping) x2, centaur warrior (sleeping) x2!
Unknown command.
Danger x4: centaur warrior (sleeping) x2, centaur warrior (sleeping) x2!
Danger x4: centaur warrior (sleeping) x2, centaur warrior (sleeping) x2!
Unknown command.
Danger x4: centaur warrior (sleeping) x2, centaur warrior (sleeping) x2!
The helpless centaur warrior fails to defend itself.
You perforate the centaur warrior like a sieve!!!!
You kill the centaur warrior!
Your Dodging skill gained 3 levels and is now at level 9!
Your Stealth skill increases to level 24!
Warning x2: The centaur warrior (sleeping) is fast and can hit for moderate damage at range!
The centaur warrior (sleeping) can hit for high damage at range!
Unknown command.
Warning x2: The centaur warrior (sleeping) is fast and can hit for moderate damage at range!
The centaur warrior (sleeping) can hit for high damage at range!
The helpless centaur warrior fails to defend itself.
You skewer the centaur warrior like a kebab!!!!
You kill the centaur warrior!
Your Dodging skill increases to level 10!
Your Stealth skill increases to level 25!
Things that are here:
a shortbow; 21 arrows; a centaur corpse
Things that are here:
a longbow; 20 arrows; a centaur corpse
Things that are here:
a longbow; 20 arrows; a centaur corpse You open the door.
A hornet comes into view.
Unknown command.
There is an open door here.
Unknown command.
The hornet completely misses you.
You hit the hornet but do no damage. The hornet stings you!
You are poisoned.
You suddenly lose the ability to move!
You feel sick. The hornet stings you!
You feel yourself slow down.
You feel sick. The hornet stings you.
You shrug off the repeated paralysis!
The hornet stings you!!
You die...
Your body disappears without a glow.

#############
..#__#.s's).#
..'..+s.#...#
#'#__####).s'..#
#(####§§#####..+
#.#§§≈§§#$$# ##
..+§§≈§§'@y#
._#§§§§)#$$#
#'##§#####+#
#.#.§[)###
####'###.##
.'.....'.∩#
.########## ###


You could see a hornet.

Vanquished Creatures
  2 centaur warriors (D)
  Sonja (D)
  A deep troll (D)
  2 kobold demonologists (D)
  A slime creature (D)
  Sigmund (D)
  A yak (D)
  A floating eye (D)
  An ogre (D)
  A jelly (D)
  Ijyb (D)
  3 ballistomycetes (D)
  A ballistomycete spore (D)
17 creatures vanquished.

Vanquished Creatures (others)
  A ballistomycete spore (D)
1 creature vanquished.

Grand Total: 18 creatures vanquished

Notes
Turn   | Place    | Note
-------+----------+-------------------------------------------
     0 | D        | packetloss the Spriggan Enchanter began the quest for the Orb.
     0 | D        | Reached XP level 1. HP: 9/9 MP: 5/5
     2 | D        | Noticed Ijyb
     7 | D        | Killed Ijyb
     7 | D        | Reached skill level 8 in Stealth
     7 | D        | Reached skill level 5 in Hexes
     7 | D        | Reached XP level 2. HP: 13/13 MP: 6/6
    12 | D        | Learned a level 2 spell: Ensorcelled Hibernation
    14 | D        | Noticed an ogre
    25 | D        | HP: 3/13 [ogre/giant club (10)]
    43 | D        | Killed an ogre
    43 | D        | Reached skill level 12 in Stealth
    43 | D        | Reached skill level 7 in Hexes
    43 | D        | Reached XP level 3. HP: 16/16 MP: 6/8
    43 | D        | Reached XP level 4. HP: 21/21 MP: 6/9
   140 | D        | Learned a level 3 spell: Confuse
   142 | D        | Noticed Sigmund
   144 | D        | Killed Sigmund
   144 | D        | Reached skill level 15 in Stealth
   144 | D        | Reached skill level 9 in Hexes
   144 | D        | Reached XP level 5. HP: 24/24 MP: 7/10
   157 | D        | Found a deep blue altar of Sif Muna.
   159 | D        | Found a radiant altar of Vehumet.
   164 | D        | Reached XP level 6. HP: 28/28 MP: 5/11
   223 | D        | Found Zij Sobashre's Food Emporium.
   223 | D        | Found an ancient bone altar of Kikubaaqudgha.
   223 | D        | Found a hazy altar of Hepliaklqana.
   223 | D        | Found a stormy altar of Qazlal.
   223 | D        | Found a hide-covered altar of Uskayaw.
   223 | D        | Found a blossoming altar of Fedhas.
   223 | D        | Found a bloodstained altar of Trog.
   223 | D        | Found an iron altar of Okawaru.
   223 | D        | Found a basalt altar of Yredelemnul.
   223 | D        | Found a glowing golden altar of the Shining One.
   223 | D        | Found a snail-covered altar of Cheibriados.
   223 | D        | Found a sacrificial altar of Ru.
   223 | D        | Found a glowing silver altar of Zin.
   223 | D        | Found a shadowy altar of Dithmenos.
   223 | D        | Found a white marble altar of Elyvilon.
   223 | D        | Noticed a yak
   224 | D        | Found an opulent altar of Gozag.
   231 | D        | Killed a yak
   231 | D        | Reached skill level 17 in Stealth
   231 | D        | Reached skill level 10 in Hexes
   234 | D        | Found a sparkling altar of Nemelex Xobeh.
   240 | D        | Became a worshipper of Nemelex Xobeh the Trickster
   325 | D        | Found a burning altar of Makhleb.
   325 | D        | Found a viscous altar of Jiyva.
   325 | D        | Found a shimmering altar of Xom.
   325 | D        | Found a corrupted altar of Lugonu.
   325 | D        | Noticed a slime creature
   328 | D        | Killed a slime creature
   328 | D        | Reached skill level 18 in Stealth
   328 | D        | Reached skill level 11 in Hexes
   328 | D        | Reached XP level 7. HP: 32/32 MP: 12/12
   340 | D        | Received a gift from Nemelex Xobeh
   340 | D        | Noticed a kobold demonologist
   341 | D        | Noticed a kobold demonologist
   343 | D        | Killed a kobold demonologist
   343 | D        | Reached skill level 19 in Stealth
   343 | D        | Reached skill level 12 in Hexes
   345 | D        | Paralysed by a floating eye for 2 turns
   349 | D        | Paralysed by a floating eye for 3 turns
   356 | D        | Paralysed by a floating eye for 2 turns
   359 | D        | Noticed a hellwing
   456 | D        | Noticed a demonic crawler
   456 | D        | Noticed a demonic crawler
   456 | D        | Noticed a demonic crawler
   456 | D        | Noticed a demonic crawler
   486 | D        | Killed a kobold demonologist
   486 | D        | Reached skill level 20 in Stealth
   486 | D        | Reached XP level 8. HP: 16/36 MP: 9/13
   486 | D        | HP: 7/36 [demonic crawler (5)]
   735 | D        | Learned a level 3 spell: Tukima's Dance
   739 | D        | Learned a level 3 spell: Dazzling Spray
   741 | D        | Noticed Sonja
   745 | D        | Killed Sonja
   745 | D        | Reached skill level 22 in Stealth
   745 | D        | Reached skill level 13 in Hexes
   761 | D        | Reached * piety under Nemelex Xobeh
   761 | D        | Received a gift from Nemelex Xobeh
   863 | D        | Noticed a deep troll
   867 | D        | Killed a deep troll
   867 | D        | Reached skill level 6 in Dodging
   867 | D        | Reached skill level 23 in Stealth
   867 | D        | Reached XP level 9. HP: 39/39 MP: 14/14
   877 | D        | Found Ihulyo's Armour Emporium.
   884 | D        | Bought a +0 cloak for 63 gold pieces
   903 | D        | Found Duddet's General Store.
   932 | D        | Noticed a centaur warrior
   934 | D        | Noticed a centaur warrior
   936 | D        | Killed a centaur warrior
   936 | D        | Reached skill level 9 in Dodging
   936 | D        | Reached skill level 24 in Stealth
   937 | D        | Killed a centaur warrior
   937 | D        | Reached skill level 10 in Dodging
   937 | D        | Reached skill level 25 in Stealth
   944 | D        | Reached ** piety under Nemelex Xobeh
   947 | D        | Paralysed by a hornet for 2 turns
   949 | D        | Mangled by a hornet

Vault maps used:
D:        dungeon_sprint_1

Skill      XL: |  1  2  3  4  5  6  7  8  9 |
---------------+----------------------------+-----
Stealth        | 8 12 15 18 20 23 25 | 25.1
Hexes          | 5 7 9 11 12 13 | 13.6
Dodging        | 6 10 | 10.4
Short Blades   | |  1.1
Spellcasting   | |  2.6

Action                   |  1- 3 |  4- 6 |  7- 9 || total
-------------------------+-------+-------+-------++-------
Melee: Dagger            |    10 |     5 |    74 ||    89
 Cast: Ensorcelled Hiber |     3 |     4 |     1 ||     8
       Confuse           |       |       |     4 ||     4
       Dazzling Spray    |       |       |     1 ||     1
  Use: Potion            |     3 |       |       ||     3
       Scroll            |       |       |     1 ||     1
 Stab: Sleeping          |     1 |     4 |     5 ||    10
       Distracted        |       |       |     1 ||     1
       Confused          |       |       |     1 ||     1
Armor: Robe              |     1 |       |     1 ||     2
Dodge: Dodged            |     8 |       |     7 ||    15

Vault maps used:
D:        dungeon_sprint_1

Table legend:
 A = Turns spent in this place as a percentage of turns spent in the entire game.
 B = Non-inter-level travel turns spent in this place as a percentage of non-inter-level travel turns spent in the entire game.
 C = Inter-level travel turns spent in this place as a percentage of turns spent in this place.
 D = Turns resting spent in this place as a percentage of non-inter-level travel turns spent in this place.
 E = Turns spent auto-exploring this place as a percentage of non-inter-level travel turns spent in this place.
 F = Non-inter-level travel turns spent in this place divided by the number of levels of this place that you've seen.
                   A       B       C       D       E      F
               +-------+-------+-------+-------+-------+----------------------
         Total | 100.0 | 100.0 |   0.0 |   4.4 |   0.0 | 500.0
       Dungeon | 100.0 | 100.0 |   0.0 |   4.4 |   0.0 | 500.0
               +-------+-------+-------+-------+-------+----------------------

Table legend:
 A = Kills in this place as a percentage of kills in entire the game.
 B = Kills by you in this place as a percentage of kills by you in the entire game.
 C = Kills by friends in this place as a percentage of kills by friends in the entire game.
 D = Other kills in this place as a percentage of other kills in the entire game.
 E = Experience gained in this place as a percentage of experience gained in the entire game.
 F = Experience gained in this place divided by the number of levels of this place that you have seen.
                   A       B       C       D       E      F
               +-------+-------+-------+-------+-------+----------------------
         Total | 100.0 | 100.0 |  -nan |  -nan | 100.0 | 5180.0
       Dungeon | 100.0 | 100.0 |  -nan |  -nan | 100.0 | 5180.0
               +-------+-------+-------+-------+-------+----------------------
